 Dungeon Crawl Stone Soup version 0.29-a0-1009-g60c99734e7 (webtiles) character file.

Game seed: 9179220197853569022

7 drpainis the Sneak (level 1, -1/9 HPs)
             Began as a Spriggan Enchanter on Aug 8, 2022.
             Frozen to death by an endoplasm (3 damage)
             ... on level 1 of the Dungeon.
             The game lasted 00:00:30 (630 turns).

drpainis the Sneak (Spriggan Enchanter)              Turns: 630, Time: 00:00:31

Health: -1/9       AC:  2    Str:  4    XL:     1   Next: 83%
Magic:  14/14      EV: 17    Int: 16    God:
Gold:   22         SH:  0    Dex: 15    Spells: 5/5 levels left

rFire   . . .      SeeInvis +   a - +1 dagger
rCold   . . .      Faith    .   (no shield)
rNeg    . . .      Spirit   .   b - +0 robe
rPois   .          Reflect  .   (helmet restricted)
rElec   .          Harm     .   (no cloak)
rCorr   .          Rampage  .   (gloves unavailable)
Will    .....                   (boots unavailable)
Stlth   +++.......              (no amulet)
HPRegen 0.03/turn               f - ring of magical power
MPRegen 0.14/turn               (no ring)

@: very quick
A: very small, no large weapons, unfitting armour, see invisible, speed 3
a: no special abilities


You were on level 1 of the Dungeon.
You visited 1 branch of the dungeon, and saw 1 of its levels.

You collected 22 gold pieces.

Inventory:

Hand Weapons
 a - a +1 dagger (weapon)
Armour
 b - a +0 robe (worn)
Jewellery
 f - a ring of magical power (left hand)
Scrolls
 d - a scroll of enchant weapon {unknown}
 g - a scroll of identify {unknown}
Potions
 c - 2 potions of invisibility
 e - a potion of ambrosia {unknown}


   Skills:
 + Level 1.1 Short Blades
 + Level 2.6 Dodging
 + Level 4.8 Stealth
 + Level 2.6 Spellcasting
 + Level 3.9 Hexes


You had 5 spell levels left.
You didn't know any spells.
Your spell library contained the following spells:

 Spells                   Type           Power      Damage    Failure   Level
 Confusing Touch          Hex            14%        N/A       12%         3
 Tukima's Dance           Hex            14%        N/A       12%         3
 Ensorcelled Hibernation  Hex/Ice        16%        N/A       13%         2
 Dazzling Flash           Conj/Hex       16%        N/A       26%         3


Dungeon Overview and Level Annotations

Branches:
Dungeon (1/15)

Altars:


Innate Abilities, Weirdness & Mutations

You are very small and have problems with some larger weapons.
You are too small for most types of armour.
You have supernaturally acute eyesight. (SInv)
You cover ground extremely quickly. (Speed+++)


Message History

A rat is nearby!
A rat is nearby!
A rat is nearby!
The rat barely misses you.
You closely miss the rat. The rat closely misses you.
You barely miss the rat. The rat bites you but does no damage.
You hit the rat but do no damage. You completely miss the rat.
The rat barely misses you.
You hit the rat.
The rat is moderately wounded.
The rat completely misses you.
You hit the rat.
You kill the rat!
You see here a rat corpse.
Found a stone staircase leading down.
A ball python comes into view.
A hobgoblin comes into view.
There are monsters nearby!
There is a stone staircase leading down here.
The helpless ball python fails to defend itself.
You puncture the ball python!
You kill the ball python!
The hobgoblin shouts!
An endoplasm comes into view.
You hit the hobgoblin.
You kill the hobgoblin!
You completely miss the endoplasm. The endoplasm hits you.
You hit the endoplasm but do no damage. You punch the endoplasm.
The endoplasm is moderately wounded.
The endoplasm hits you.
You hit the endoplasm.
The endoplasm is severely wounded.
The endoplasm freezes you.
You are frozen.
* * * LOW HITPOINT WARNING * * *
You hit the endoplasm.
The endoplasm is almost dead.
The endoplasm freezes you.
You are frozen.
You die...

### #.. ######.########
...............
#########...######
#.......J@.......#
#.######.......#.#
########.#..###.....#.#
.........†.........>†.#
##.....#.#.......##.###
#..)..#.#.#####......
#.....#.#.. ..#.####
#.....#..... .....#
##.....#############


You could see an endoplasm.

Vanquished Creatures
  A bat (D:1)
  2 endoplasms (D:1)
  A hobgoblin (D:1)
  A ball python (D:1)
  A rat (D:1)
6 creatures vanquished.

Notes
Turn   | Place    | Note
-------+----------+-------------------------------------------
     0 | D:1      | drpainis the Spriggan Enchanter began the quest for the
                  | Orb.
     0 | D:1      | Reached XP level 1. HP: 9/9 MP: 5/5
   630 | D:1      | Frozen to death by an endoplasm

Illustrated notes

Levels and vault maps discovered:
D:1:      spicycebolla_arrival_clurvy, layout_basic, serial_shops,
          nicolae_diamond_shop, kennysheep_flooded_box, feat_on_display

Action                   || total
-------------------------++-------
Melee: Dagger            ||    26
       Punch             ||     1
 Stab: Sleeping          ||     2
Armor: Robe              ||     9
Dodge: Dodged            ||    19

Table legend: (Time is in decaauts)
 A = Elapsed time spent in this place.
 B = Non-inter-level travel time spent in this place.
 C = Inter-level travel time spent in this place.
 D = Time resting spent in this place.
 E = Time spent auto-exploring this place.
 F = Levels seen in this place.
 G = Mean time per level.
                   A        B        C        D        E       F      G
               +--------+--------+--------+--------+--------+-----+--------+
         Total |    585 |    585 |      0 |    424 |    105 |   1 |  585.0 |
       Dungeon |    585 |    585 |      0 |    424 |    105 |   1 |  585.0 |
               +--------+--------+--------+--------+--------+-----+--------+

Top non-repeatable levels by time:
     D:1: 585 daAuts
